 Dungeon Sprint DCSS version 0.21.1-1-g345015f (webtiles) character file.

2223 Fang the Fighter (level 9, -13/93 HPs)
             Began as a Minotaur Berserker on Apr 30, 2018.
             Was a High Priest of Trog.
             Shot with a bolt by a yaktaur (24 damage)
             ... in the Dungeon (Sprint V: "Ziggurat Sprint").
             The game lasted 00:03:38 (432 turns).

Fang the Fighter (Minotaur Berserker)                Turns: 432, Time: 00:03:38

Health: -13/93     AC: 19    Str: 33    XL:     9   Next: 13%
Magic:  8/8        EV: 12    Int:  4    God:    Trog [*****.]
Gold:   0          SH:  0    Dex:  8    Spells: 8/8 levels left

rFire    . . .     SeeInvis .   l - +5 demon trident (venom)
rCold    x . .     Gourm    .   (no shield)
rNeg     + . .     Faith    .   j - +5 shadow dragon scales
rPois    +         Spirit   .   (helmet restricted)
rElec    +         Reflect  .   (no cloak)
rCorr    .         Harm     .   (no gloves)
MR       .....     NoTele   +   D - +0 pair of boots {run}
Stlth    ++........             (no amulet)
HPRegen  0.25/turn              G - ring of flight
MPRegen  0.11/turn              B - ring "Milu" {rElec rPois rC- rN+ Str+8 Dex-2}

@: confused, berserk cooldown, slowed, very slow
A: retaliatory headbutt, horns 2
a: Berserk, Trog's Hand, Brothers in Arms, Burn Spellbooks, Renounce Religion,
Evoke Flight


You were in the Dungeon.
You worshipped Trog.
Trog was extremely pleased with you.
You were very hungry.

You visited 1 branch

Inventory:

Hand Weapons
 k - a +4 antimagic battleaxe
 l - a +5 demon trident of venom (weapon)
Armour
 j - +5 shadow dragon scales (worn)
 D - a +0 pair of boots of running (worn)
Jewellery
 B - the ring "Milu" (right hand) {rElec rPois rC- rN+ Str+8 Dex-2}
   (You found it in the Dungeon)

   [ring of poison resistance]

   It affects your strength (+8).
   It affects your dexterity (-2).
   It makes you vulnerable to cold.
   It insulates you from electricity.
   It protects you from poison.
   It protects you from negative energy.
 G - a ring of flight (left hand)
Wands
 x - a wand of disintegration (7)
 y - a wand of iceblast (7)
 z - a wand of acid (7)
Scrolls
 i - 4 scrolls of blinking
 m - 7 scrolls of fog
 n - a scroll of holy word
 o - 5 scrolls of identify
 p - 5 scrolls of remove curse
 q - 2 scrolls of fear
 C - 2 scrolls of brand weapon
Potions
 d - 10 potions of curing
 e - 10 potions of heal wounds
 f - 6 potions of haste
 g - 7 potions of magic
 h - 3 potions of berserk rage
 r - 2 potions of brilliance
 s - 2 potions of invisibility
 t - 4 potions of resistance
 v - 5 potions of agility
 w - 5 potions of might
Miscellaneous
 a - a phial of floods
 A - a lamp of fire
Comestibles
 b - 5 chunks of flesh
 c - 7 rations


   Skills:
 + Level 13.1 Fighting
 + Level 12.7(13.7) Axes
 + Level 9.3(12.2) Polearms
 + Level 7.6 Armour
 + Level 7.2 Dodging
 + Level 2.8 Stealth
 + Level 0.4 Evocations


You had 8 spell levels left.
You didn't know any spells.

Dungeon Overview and Level Annotations

Branches:
Dungeon (1/1)

Altars:
Ashenzari
Cheibriados
Dithmenos
Elyvilon
Fedhas
Gozag
Hepliaklqana
Kikubaaqudgha
Makhleb
Nemelex Xobeh
Okawaru
Qazlal
Ru
Sif Muna
Trog
Uskayaw
Vehumet
Wu Jian
Xom
Yredelemnul
Zin
The Shining One
Beogh
Jiyva
Lugonu

Annotations:
D 1 transporter


Innate Abilities, Weirdness & Mutations

You reflexively headbutt those who attack you in melee.
You have a pair of horns on your head.


Message History

The yaktaur wields an uncursed arbalest.
The yaktaur shoots a bolt.
The bolt completely misses you.
The vault guard hits you from afar with an enchanted halberd!
You hear some strange, mumbled words.
A stone arrow appears from out of thin air!
The stone arrow hits you!
* * * LOW HITPOINT WARNING * * *
The orc knight hits you with a great sword!
* * * LOW HITPOINT WARNING * * *
You see here 2 bolts.
The vault guard hits you but does no damage.
The yaktaur shoots a bolt.
The bolt closely misses you.
You see here a bolt.
Unknown command.
You impale the glowing orange brain!!
The glowing orange brain is heavily wounded.
The vault guard hits you but does no damage.
The glowing orange brain blinks!
Something barely misses you.
The yaktaur shoots a bolt.
The bolt hits you!!
You die...

▓...©....▓..†©....▓
▓▓▓▓▓▓▓▓▓▓▓▓▓▓▓▓▓▓▓
▓..8©8..▓ ▓..|.|..▓
▓...)G..▓ ▓.......▓
▓.cp....▓ ▓.{o....▓
▓@§W....▓ ▓.▓...▓.▓
▓...©...▓ ▓▓▓▓▓▓▓▓▓


You could see a vault guard, an orc knight, a glowing orange brain, a yaktaur
and a freezing wraith.

Vanquished Creatures
  A ynoxinul (D)
  3 fire elementals (D)
  A water moccasin (D)
  2 hell hounds (D)
  2 wolves (D)
  An orc priest (D)
  An orc wizard (D)
  2 adders (D)
  2 shadow imps (D)
  2 orcs (D)
  A ball python (D)
18 creatures vanquished.

Vanquished Creatures (others)
  Sigmund (D)
1 creature vanquished.

Grand Total: 19 creatures vanquished

Notes
Turn   | Place    | Note
-------+----------+-------------------------------------------
     0 | D        | Found the +6 Majin-Bo {vamp, Archmagi MP+6 Int+6}
     0 | D        | Found the +7 great mace "Firestarter" {inner flame, rF++}
     0 | D        | Fang the Minotaur Berserker began the quest for the Orb.
     0 | D        | Reached XP level 1. HP: 19/19 MP: 0/0
     3 | D        | Found a blossoming altar of Fedhas.
     4 | D        | Found a viscous altar of Jiyva.
     4 | D        | Found a hazy altar of Hepliaklqana.
     4 | D        | Found a transporter.
     4 | D        | Found an opulent altar of Gozag.
     4 | D        | Found an ancient bone altar of Kikubaaqudgha.
     4 | D        | Found a corrupted altar of Lugonu.
     4 | D        | Killed Sigmund
    10 | D        | Found a burning altar of Makhleb.
    11 | D        | Found a stormy altar of Qazlal.
    11 | D        | Found a sacrificial altar of Ru.
    11 | D        | Found an iron altar of Okawaru.
    11 | D        | Found a deep blue altar of Sif Muna.
    11 | D        | Found a sparkling altar of Nemelex Xobeh.
    11 | D        | Found a bloodstained altar of Trog.
    79 | D        | Entered arena 2.
    79 | D        | Noticed a wolf
    79 | D        | Noticed a wolf
    79 | D        | Found a transporter.
    81 | D        | Killed a wolf
    81 | D        | Reached skill level 7 in Fighting
    81 | D        | Reached XP level 2. HP: 34/34 MP: 1/1
    81 | D        | Reached XP level 3. HP: 39/39 MP: 2/2
    81 | D        | Reached XP level 4. HP: 47/47 MP: 3/3
    82 | D        | Killed a wolf
    82 | D        | Reached skill level 8 in Fighting
    82 | D        | Reached XP level 5. HP: 56/56 MP: 4/4
   132 | D        | Entered arena 3.
   132 | D        | Noticed a ynoxinul
   132 | D        | Found a transporter.
   135 | D        | Reached ** piety under Trog
   135 | D        | Reached skill level 5 in Armour
   136 | D        | Reached skill level 9 in Fighting
   139 | D        | Killed a ynoxinul
   139 | D        | Reached skill level 10 in Fighting
   139 | D        | Reached skill level 10 in Axes
   139 | D        | Reached skill level 5 in Dodging
   139 | D        | Reached XP level 6. HP: 67/67 MP: 5/5
   194 | D        | Entered arena 4.
   194 | D        | Noticed a water moccasin
   194 | D        | Found a transporter.
   197 | D        | Reached *** piety under Trog
   201 | D        | Killed a water moccasin
   201 | D        | Reached skill level 11 in Fighting
   212 | D        | Reached **** piety under Trog
   212 | D        | Reached ***** piety under Trog
   217 | D        | Got the ring "Milu" {rElec rPois rC- rN+ Str+8 Dex-2}
   222 | D        | Entered arena 5.
   222 | D        | Found a transporter.
   223 | D        | Found the +8 demon blade "Leech" {vamp, rN+ AC-3 EV-3}
   226 | D        | Received a gift from Trog
   227 | D        | Reached XP level 7. HP: 74/74 MP: 6/6
   240 | D        | Received a gift from Trog
   252 | D        | Entered arena 6.
   252 | D        | Noticed a fire elemental
   252 | D        | Noticed a fire elemental
   252 | D        | Noticed a fire elemental
   252 | D        | Found a transporter.
   256 | D        | Killed a fire elemental
   256 | D        | Reached skill level 5 in Polearms
   258 | D        | Killed a fire elemental
   258 | D        | Reached skill level 12 in Fighting
   260 | D        | Killed a fire elemental
   260 | D        | Reached XP level 8. HP: 77/85 MP: 3/7
   263 | D        | Received a gift from Trog
   287 | D        | Identified a +0 pair of boots of running (You found it in the Dungeon)
   409 | D        | Reached skill level 13 in Fighting
   409 | D        | Reached XP level 9. HP: 93/93 MP: 8/8
   421 | D        | Entered arena 7.
   421 | D        | Noticed a freezing wraith
   421 | D        | Noticed a yaktaur
   421 | D        | Noticed a wizard
   421 | D        | Noticed an orc knight
   421 | D        | Noticed a glowing orange brain
   421 | D        | Noticed a vault guard
   424 | D        | Found a transporter.
   432 | D        | Shot with a bolt by a yaktaur

Skill      XL: |  1  2  3  4  5  6  7  8 |
---------------+-------------------------+-----
Fighting       | 7 8 10 11 12 13 | 13.1
Axes           | 7 8 10 11 12 | 12.7
Armour         | 4 5 6 7 |  7.6
Dodging        | 3 4 5 6 7 |  7.2
Polearms       | 2 4 7 9 |  9.3
Stealth        | 2 |  2.8
Evocations     | |  0.4

Action                   |  1- 3 |  4- 6 |  7- 9 || total
-------------------------+-------+-------+-------++-------
Melee: Demon trident     |     1 |    19 |    12 ||    32
       Headbutt          |     1 |     3 |     3 ||     7
Invok: Berserk           |     1 |     1 |     2 ||     4
       Burn Spellbooks   |       |     1 |     1 ||     2
 Abil: Stop Flying       |       |       |     1 ||     1
       Evoke Flight      |       |       |     1 ||     1
  Use: Scroll            |       |     1 |       ||     1
       Potion            |       |       |     1 ||     1
  Eat: Chunk             |       |       |     1 ||     1
Armor: Shadow dragon sca |       |     8 |     8 ||    16
Dodge: Dodged            |     1 |     8 |    11 ||    20
